| TOP OF THE 1ST |
|
Minot Jets batting - Pitching for Idaho Falls Spuds : RHP Mark Schuler
|
|
Pitching: RHP Mark Schuler
|
|
|
Batting: RHB Tony Beal
|
0-0: Ground out 6-3 (Groundball, 6, EV 106.9 MPH)
|
|
Batting: SHB William Eiland
|
0-0: Called Strike 0-1: Called Strike 0-2: Ball 1-2: Ball 2-2: Strikes out looking
|
|
Batting: LHB Douglas Reibel
|
0-0: Ground out 6-3 (Groundball, 6MS, EV 70.6 MPH)
|
| Top of the 1st over - 0 runs, 0 hits, 0 errors, 0 left on base; Minot 0 - Idaho Falls 0 |
| BOTTOM OF THE 1ST |
|
Idaho Falls Spuds batting - Pitching for Minot Jets : RHP Danny Ontiveros
|
|
Pitching: RHP Danny Ontiveros
|
|
|
Batting: RHB Ken Williams
|
0-0: Called Strike 0-1: Ball 1-1: Ground out 1-3 (Groundball, 34S, EV 76.3 MPH)
|
|
Batting: RHB Tony Porras
|
0-0: Called Strike 0-1: Ground out 4-3 (Groundball, 4, EV 96.9 MPH)
|
|
Batting: LHB Barry Houston
|
0-0: Ball 1-0: Ball 2-0: Ball 3-0: Called Strike 3-1: Called Strike 3-2: Base on Balls
|
|
Batting: RHB Reginald Mosley
|
0-0: Ball 1-0: Ground out 6-3 (Groundball, 6S, EV 70.0 MPH)
|
| Bottom of the 1st over - 0 runs, 0 hits, 0 errors, 1 left on base; Minot 0 - Idaho Falls 0 |
| TOP OF THE 2ND |
|
Minot Jets batting - Pitching for Idaho Falls Spuds : RHP Mark Schuler
|
|
Batting: RHB George Vogel
|
0-0: Ball 1-0: Foul Ball, location: 2F 1-1: Ball 2-1: DOUBLE (Line Drive, 78D, EV 106.9 MPH)
|
|
Batting: RHB Roberto Balaguer
|
0-0: Foul Ball, location: 2F 0-1: Ball 1-1: Ball 2-1: Foul Ball, location: 2F 2-2: Ball 3-2: Foul Ball, location: 2F 3-2: DOUBLE (Line Drive, 7LM, EV 101.9 MPH) George Vogel scores
|
|
Batting: RHB Brad Jones
|
0-0: Ball 1-0: Ball 2-0: Foul Ball, location: 2F 2-1: Ball 3-1: Base on Balls
|
|
Batting: RHB William Phillips
|
0-0: Called Strike 0-1: Foul Ball, location: 2F 0-2: Ball 1-2: Strikes out swinging
|
|
Batting: RHB Jesus Aybar
|
0-0: Ball 1-0: SINGLE (Line Drive, 56D, EV 101.9 MPH) Roberto Balaguer to third Brad Jones to second
|
|
Batting: RHB Hugo Olivas
|
0-0: Called Strike 0-1: Ball 1-1: SINGLE (Groundball, 5S, EV 68.1 MPH) (infield hit) Roberto Balaguer scores Brad Jones to third Jesus Aybar to second
|
|
Batting: RHB Tony Beal
|
0-0: Ball 1-0: Ball 2-0: Fly out, F9 (Flyball, 9LS, EV 88.1 MPH)
|
|
Batting: SHB William Eiland
|
0-0: Ball 1-0: Ball 2-0: Ball Passed Ball! Brad Jones scores Jesus Aybar to third Hugo Olivas to second 3-0: Base on Balls
|
|
Batting: LHB Douglas Reibel
|
0-0: Ball 1-0: Called Strike 1-1: Ball 2-1: Foul Ball, location: 2F 2-2: GRAND SLAM HOME RUN (Line Drive, 78XD, EV 100.6 MPH), Distance : 457 ft
|
|
Batting: RHB George Vogel
|
0-0: Ball 1-0: Foul Ball, location: 2F 1-1: Foul Ball, location: 2F 1-2: Strikes out looking
|
| Top of the 2nd over - 7 runs, 5 hits, 0 errors, 0 left on base; Minot 7 - Idaho Falls 0 |
| BOTTOM OF THE 2ND |
|
Idaho Falls Spuds batting - Pitching for Minot Jets : RHP Danny Ontiveros
|
|
Batting: RHB Gregory Key
|
0-0: Called Strike 0-1: Ball 1-1: Foul Ball, location: 2F 1-2: Ball 2-2: Ball 3-2: Base on Balls
|
|
Batting: RHB Henry Smith
|
0-0: Ball 1-0: Ball 2-0: Called Strike 2-1: Foul Ball, location: 2F 2-2: Ball Gregory Key steals 2nd base (no throw) 3-2: Base on Balls
|
|
Batting: LHB Jeffrey Greene
|
0-0: Called Strike 0-1: SINGLE (Groundball, 56D, EV 96.3 MPH) Gregory Key to third Henry Smith to second Runner from 3rd tries for Home, SAFE, throw by LF to home
|
|
Batting: RHB Doug Gilcrease
|
0-0: Ball 1-0: Hit by Pitch Henry Smith to third Jeffrey Greene to second
|
|
Batting: RHB James Michalek
|
0-0: Ball 1-0: Foul Ball, location: 2F 1-1: Ball 2-1: Called Strike 2-2: Fly out, F8 (Line Drive, 8LD, EV 95.0 MPH) Runner from 3rd tags up, SCORES, no throw by CF
|
|
Batting: RHB Ken Williams
|
0-0: Fly out, F5 (Flyball, 5D, EV 83.8 MPH)
|
|
Batting: RHB Tony Porras
|
0-0: Ball 1-0: Ball 2-0: Foul Ball, location: 2F 2-1: Fielders Choice at 2nd, U6 (Groundball, 6M, EV 83.1 MPH)
|
| Bottom of the 2nd over - 2 runs, 1 hit, 0 errors, 2 left on base; Minot 7 - Idaho Falls 2 |
| TOP OF THE 3RD |
|
Minot Jets batting - Pitching for Idaho Falls Spuds : RHP Mark Schuler
|
|
Batting: RHB Roberto Balaguer
|
0-0: Ball 1-0: Foul Ball, location: 2F 1-1: Ground out 6-3 (Groundball, 6M, EV 83.8 MPH)
|
|
Batting: RHB Brad Jones
|
0-0: Called Strike 0-1: Ball 1-1: Ball 2-1: Called Strike 2-2: Ball 3-2: Base on Balls
|
|
Batting: RHB William Phillips
|
0-0: Fielders Choice at 2nd, 4-6 (Groundball, 4, EV 83.8 MPH)
|
|
Batting: RHB Jesus Aybar
|
0-0: Called Strike 0-1: Fly out, F6 (Flyball, 56D, EV 87.5 MPH)
|
| Top of the 3rd over - 0 runs, 0 hits, 0 errors, 1 left on base; Minot 7 - Idaho Falls 2 |
| BOTTOM OF THE 3RD |
|
Idaho Falls Spuds batting - Pitching for Minot Jets : RHP Danny Ontiveros
|
|
Batting: LHB Barry Houston
|
0-0: Ball 1-0: Called Strike 1-1: Ground out 6-3 (Groundball, 6, EV 79.4 MPH)
|
|
Batting: RHB Reginald Mosley
|
0-0: Called Strike 0-1: Called Strike 0-2: Ball 1-2: Ball 2-2: Foul Ball, location: 2F 2-2: Fly out, F4 (Popup, 4S, EV 76.3 MPH)
|
|
Batting: RHB Gregory Key
|
0-0: Called Strike 0-1: Called Strike 0-2: Ground out 6-3 (Groundball, 6, EV 86.9 MPH)
|
| Bottom of the 3rd over - 0 runs, 0 hits, 0 errors, 0 left on base; Minot 7 - Idaho Falls 2 |
| TOP OF THE 4TH |
|
Minot Jets batting - Pitching for Idaho Falls Spuds : RHP Mark Schuler
|
|
Batting: RHB Hugo Olivas
|
0-0: Called Strike 0-1: Ball 1-1: Ball 2-1: Ball 3-1: Foul Ball, location: 2F 3-2: Strikes out swinging
|
|
Batting: RHB Tony Beal
|
0-0: Ball 1-0: Ball 2-0: Ball 3-0: Called Strike 3-1: Ground out 5-3 (Groundball, 5, EV 103.1 MPH)
|
|
Batting: SHB William Eiland
|
0-0: Called Strike 0-1: SINGLE (Line Drive, 78S, EV 94.4 MPH)
|
|
Batting: LHB Douglas Reibel
|
0-0: Ball 1-0: Foul Ball, location: 2F 1-1: 2-RUN HOME RUN (Flyball, 9D, EV 97.5 MPH), Distance : 349 ft
|
|
Pitching: LHP Mark Roberts
|
|
|
Batting: RHB George Vogel
|
0-0: Ball 1-0: Ball 2-0: Called Strike 2-1: SINGLE (Flyball, 5D, EV 90.0 MPH)
|
|
Batting: RHB Roberto Balaguer
|
0-0: Ball Wild Pitch! George Vogel to second 1-0: Ground out 6-3 (Groundball, 6, EV 78.8 MPH)
|
| Top of the 4th over - 2 runs, 3 hits, 0 errors, 1 left on base; Minot 9 - Idaho Falls 2 |
| BOTTOM OF THE 4TH |
|
Idaho Falls Spuds batting - Pitching for Minot Jets : RHP Danny Ontiveros
|
|
Batting: RHB Henry Smith
|
0-0: Called Strike 0-1: Ball 1-1: Ball 2-1: Foul Ball, location: 2F 2-2: Foul Ball, location: 2F 2-2: Ground out 4-3 (Groundball, 4, EV 109.4 MPH)
|
|
Batting: LHB Jeffrey Greene
|
0-0: Ground out 4-3 (Groundball, 4MS, EV 89.4 MPH)
|
|
Batting: RHB Doug Gilcrease
|
0-0: Ball 1-0: Called Strike 1-1: Swinging Strike 1-2: Ground out 4-3 (Groundball, 4, EV 83.1 MPH)
|
| Bottom of the 4th over - 0 runs, 0 hits, 0 errors, 0 left on base; Minot 9 - Idaho Falls 2 |
| TOP OF THE 5TH |
|
Minot Jets batting - Pitching for Idaho Falls Spuds : LHP Mark Roberts
|
|
Batting: RHB Brad Jones
|
0-0: Ball 1-0: Ground out 6-3 (Groundball, P, EV 83.1 MPH)
|
|
Batting: RHB William Phillips
|
0-0: Ball 1-0: SINGLE (Groundball, 34D, EV 108.1 MPH)
|
|
Batting: RHB Jesus Aybar
|
0-0: Called Strike 0-1: Called Strike 0-2: Ball 1-2: Ball 2-2: Ball 3-2: Base on Balls William Phillips to second
|
|
Batting: RHB Hugo Olivas
|
0-0: Fielders Choice at 2nd, 3-6 (Groundball, 3, EV 98.8 MPH) William Phillips to third
|
|
Batting: RHB Tony Beal
|
0-0: SINGLE (Flyball, 89M, EV 91.3 MPH) William Phillips scores Hugo Olivas to second
|
|
Batting: SHB William Eiland
|
0-0: Foul Ball, location: 2F 0-1: Ball 1-1: Ball 2-1: Ball 3-1: Fly out, F7 (Line Drive, 7D, EV 90.6 MPH)
|
| Top of the 5th over - 1 run, 2 hits, 0 errors, 2 left on base; Minot 10 - Idaho Falls 2 |
| BOTTOM OF THE 5TH |
|
Idaho Falls Spuds batting - Pitching for Minot Jets : RHP Danny Ontiveros
|
|
Batting: RHB James Michalek
|
0-0: Ball 1-0: Ball 2-0: Swinging Strike 2-1: Swinging Strike 2-2: Foul Ball, location: 2F 2-2: Foul Ball, location: 2F 2-2: Foul Ball, location: 2F 2-2: Ball 3-2: SINGLE (Groundball, 6MD, EV 106.3 MPH)
|
|
Batting: RHB Ken Williams
|
0-0: Ball 1-0: Ball 2-0: Ground out 4-3 (Groundball, 4S, EV 67.5 MPH) James Michalek to second
|
|
Batting: RHB Tony Porras
|
0-0: Ball 1-0: Ball 2-0: Ball 3-0: Called Strike 3-1: Foul Ball, location: 2F 3-2: Base on Balls
|
|
Batting: LHB Barry Houston
|
0-0: Swinging Strike 0-1: Ball 1-1: Ball 2-1: Ball 3-1: SINGLE (Groundball, 34S, EV 73.8 MPH) (infield hit) James Michalek to third Tony Porras to second
|
|
Batting: RHB Reginald Mosley
|
0-0: Foul Ball, location: 2F 0-1: Foul Ball, location: 2F 0-2: Fly out, F8 (Flyball, 89M, EV 84.4 MPH) Runner from 3rd tags up, SCORES, throw by CF
|
|
Batting: RHB Gregory Key
|
0-0: Ball 1-0: SINGLE (Groundball, 56D, EV 110.0 MPH) Tony Porras to third Barry Houston to second Runner from 3rd tries for Home, SAFE, throw by LF to home
|
|
Batting: RHB Henry Smith
|
0-0: Swinging Strike 0-1: Ball 1-1: SINGLE (Groundball, 5S, EV 73.1 MPH) (infield hit) Barry Houston to third Gregory Key to second
|
|
Batting: LHB Jeffrey Greene
|
0-0: Ball 1-0: Ball 2-0: Called Strike 2-1: Ground out 4-3 (Groundball, 34, EV 99.4 MPH)
|
| Bottom of the 5th over - 2 runs, 4 hits, 0 errors, 3 left on base; Minot 10 - Idaho Falls 4 |
| TOP OF THE 6TH |
|
Minot Jets batting - Pitching for Idaho Falls Spuds : LHP Mark Roberts
|
|
Batting: LHB Douglas Reibel
|
0-0: Ball 1-0: Called Strike 1-1: Ball 2-1: Called Strike 2-2: Ball 3-2: Base on Balls
|
|
Batting: RHB George Vogel
|
0-0: Called Strike 0-1: Ball 1-1: Called Strike 1-2: Fly out, F7 (Flyball, 78XD, EV 105.6 MPH)
|
|
Batting: RHB Roberto Balaguer
|
0-0: Ball Wild Pitch! Douglas Reibel to second 1-0: Foul Ball, location: 2F 1-1: Called Strike 1-2: Ground out 5-3 (Groundball, 56, EV 111.3 MPH)
|
|
Batting: RHB Brad Jones
|
0-0: Ball 1-0: Foul Ball, location: 2F 1-1: Swinging Strike 1-2: Strikes out swinging
|
| Top of the 6th over - 0 runs, 0 hits, 0 errors, 1 left on base; Minot 10 - Idaho Falls 4 |
| BOTTOM OF THE 6TH |
|
Idaho Falls Spuds batting - Pitching for Minot Jets : RHP Danny Ontiveros
|
|
Batting: RHB Doug Gilcrease
|
0-0: Foul Ball, location: 2F 0-1: Foul Ball, location: 2F 0-2: Ball 1-2: Ball 2-2: Ground out 6-3 (Groundball, 6, EV 103.1 MPH)
|
|
Batting: RHB James Michalek
|
0-0: Called Strike 0-1: Called Strike 0-2: Ball 1-2: Ball 2-2: Strikes out looking
|
|
Batting: RHB Ken Williams
|
0-0: Ball 1-0: Called Strike 1-1: Foul Ball, location: 2F 1-2: Ball 2-2: SINGLE (Flyball, 8LS, EV 87.5 MPH)
|
|
Batting: RHB Tony Porras
|
0-0: Called Strike 0-1: Ball 1-1: SINGLE (Line Drive, 4M, EV 103.1 MPH) Ken Williams to second
|
|
Batting: LHB Barry Houston
|
0-0: Foul Ball, location: 2F 0-1: Ball 1-1: SINGLE (Groundball, 4MS, EV 67.5 MPH) (infield hit) Ken Williams to third Tony Porras to second
|
|
Batting: RHB Reginald Mosley
|
0-0: Called Strike 0-1: Ball 1-1: Ball 2-1: Ground out 6-3 (Groundball, P, EV 91.9 MPH)
|
| Bottom of the 6th over - 0 runs, 3 hits, 0 errors, 3 left on base; Minot 10 - Idaho Falls 4 |
| TOP OF THE 7TH |
|
Minot Jets batting - Pitching for Idaho Falls Spuds : LHP Mark Roberts
|
|
Batting: RHB William Phillips
|
0-0: Called Strike 0-1: Ball 1-1: Ball 2-1: Foul Ball, location: 2F 2-2: Ball 3-2: Base on Balls
|
|
Batting: RHB Jesus Aybar
|
0-0: Swinging Strike 0-1: DOUBLE (Line Drive, 89M, EV 106.3 MPH) William Phillips to third Runner from 3rd tries for Home, SAFE, no throw by RF
|
|
Batting: RHB Hugo Olivas
|
0-0: Called Strike 0-1: Foul Ball, location: 2F 0-2: Fly out, F3 (Popup, 3F, EV 70.0 MPH)
|
|
Batting: RHB Tony Beal
|
0-0: Swinging Strike 0-1: Called Strike 0-2: Foul Ball, location: 2F 0-2: Foul Ball, location: 2F 0-2: Fly out, F9 (Line Drive, 9D, EV 103.1 MPH) Runner from 2nd tags up, SAFE at 3rd, no throw by RF
|
|
Batting: SHB William Eiland
|
0-0: Called Strike 0-1: Foul Ball, location: 2F 0-2: Fly out, F9 (Flyball, 9D, EV 101.9 MPH)
|
| Top of the 7th over - 1 run, 1 hit, 0 errors, 1 left on base; Minot 11 - Idaho Falls 4 |
| BOTTOM OF THE 7TH |
|
Idaho Falls Spuds batting - Pitching for Minot Jets : RHP Danny Ontiveros
|
|
Pinch Hitting: LHB Culpepper Smith
|
0-0: Called Strike 0-1: Ball 1-1: Ball 2-1: Called Strike 2-2: Foul Ball, location: 2F 2-2: Foul Ball, location: 2F 2-2: TRIPLE (Flyball, 89XD, EV 96.3 MPH)
|
|
Batting: RHB Henry Smith
|
0-0: Ball 1-0: Fly out, F9 (Flyball, 9LM, EV 90.6 MPH) Runner from 3rd tags up, SCORES, throw by RF
|
|
Batting: LHB Jeffrey Greene
|
0-0: Ball 1-0: Foul Ball, location: 2F 1-1: Ball 2-1: Ball 3-1: Base on Balls
|
|
Pitching: LHP Tony Guerrero
|
|
|
Batting: RHB Doug Gilcrease
|
0-0: Ball 1-0: Foul Ball, location: 2F 1-1: Ball 2-1: Fly out, F6 (Line Drive, 6, EV 63.1 MPH)
|
|
Batting: RHB James Michalek
|
0-0: Called Strike 0-1: Swinging Strike 0-2: Ball 1-2: Hit by Pitch Jeffrey Greene to second
|
|
Batting: RHB Ken Williams
|
0-0: Called Strike 0-1: Foul Ball, location: 2F 0-2: Ball 1-2: Fly out, F7 (Flyball, 78S, EV 94.4 MPH)
|
| Bottom of the 7th over - 1 run, 1 hit, 0 errors, 2 left on base; Minot 11 - Idaho Falls 5 |
| TOP OF THE 8TH |
|
Minot Jets batting - Pitching for Idaho Falls Spuds : LHP Mark Roberts
|
|
Now in LF: Jose Gallardo
|
|
|
Batting: LHB Douglas Reibel
|
0-0: Ball 1-0: Called Strike 1-1: Ball 2-1: Swinging Strike 2-2: Foul Ball, location: 2F 2-2: Foul Ball, location: 2F 2-2: Fly out, F6 (Flyball, 56D, EV 94.4 MPH)
|
|
Batting: RHB George Vogel
|
0-0: Ball 1-0: Called Strike 1-1: Called Strike 1-2: Ball 2-2: Ball 3-2: Foul Ball, location: 2F 3-2: Foul Ball, location: 2F 3-2: DOUBLE (Line Drive, 89D, EV 105.0 MPH)
|
|
Pitching: RHP Jeffrey O'Dell
|
|
|
Batting: RHB Roberto Balaguer
|
0-0: Ball 1-0: Swinging Strike 1-1: Ball 2-1: Swinging Strike 2-2: Fly out, F4 (Popup, 4, EV 76.3 MPH)
|
|
Batting: RHB Brad Jones
|
0-0: Ball 1-0: Ball 2-0: Called Strike 2-1: Ball 3-1: Foul Ball, location: 2F 3-2: Fly out, F7 (Flyball, 7S, EV 93.1 MPH)
|
| Top of the 8th over - 0 runs, 1 hit, 0 errors, 1 left on base; Minot 11 - Idaho Falls 5 |
| BOTTOM OF THE 8TH |
|
Idaho Falls Spuds batting - Pitching for Minot Jets : LHP Tony Guerrero
|
|
Batting: RHB Tony Porras
|
0-0: Foul Ball, location: 2F 0-1: Foul Ball, location: 2F 0-2: Foul Ball, location: 2F 0-2: Foul Ball, location: 2F 0-2: Fly out, F8 (Line Drive, 8LM, EV 86.9 MPH)
|
|
Batting: LHB Barry Houston
|
0-0: Ball 1-0: Called Strike 1-1: Foul Ball, location: 2F 1-2: Ball 2-2: Foul Ball, location: 2F 2-2: Strikes out looking
|
|
Batting: RHB Reginald Mosley
|
0-0: Ball 1-0: Ball 2-0: Foul Ball, location: 2F 2-1: Foul Ball, location: 2F 2-2: Ball 3-2: Fly out, F8 (Flyball, 8RS, EV 95.0 MPH)
|
| Bottom of the 8th over - 0 runs, 0 hits, 0 errors, 0 left on base; Minot 11 - Idaho Falls 5 |
| TOP OF THE 9TH |
|
Minot Jets batting - Pitching for Idaho Falls Spuds : RHP Jeffrey O'Dell
|
|
Batting: RHB William Phillips
|
0-0: Ball 1-0: Ground out 6-3 (Groundball, 6S, EV 73.8 MPH)
|
|
Batting: RHB Jesus Aybar
|
0-0: Ball 1-0: Fly out, F3 (Popup, 3SF, EV 70.0 MPH)
|
|
Batting: RHB Hugo Olivas
|
0-0: Ball 1-0: Ground out 4-3 (Groundball, 4, EV 87.5 MPH)
|
| Top of the 9th over - 0 runs, 0 hits, 0 errors, 0 left on base; Minot 11 - Idaho Falls 5 |
| BOTTOM OF THE 9TH |
|
Idaho Falls Spuds batting - Pitching for Minot Jets : LHP Tony Guerrero
|
|
Batting: RHB Jose Gallardo
|
0-0: Called Strike 0-1: Ground out 5-3 (Groundball, 5, EV 83.1 MPH)
|
|
Batting: RHB Henry Smith
|
0-0: Swinging Strike 0-1: Ball 1-1: Ground out 4-3 (Groundball, 4, EV 81.3 MPH)
|
|
Batting: LHB Jeffrey Greene
|
0-0: Foul Ball, location: 2F 0-1: Ball 1-1: Foul Ball, location: 2F 1-2: Foul Ball, location: 2F 1-2: Foul Ball, location: 2F 1-2: Ground out 5-3 (Groundball, 56, EV 105.6 MPH)
|
| Bottom of the 9th over - 0 runs, 0 hits, 0 errors, 0 left on base; Minot 11 - Idaho Falls 5 |
|